 Dungeon Sprint DCSS version 0.31-a0-845-g9abc20d24f (webtiles) character file.

Game seed: 16456122012810209262

54 Danienth the Fighter (level 6, -21/84 HPs)
             Began as a Demonspawn Necromancer on Oct 2, 2023.
             Was an Initiate of Yredelemnul.
             Demolished by a tyrant leech (23 damage)
             ... in the Dungeon (Sprint VI: "Thunderdome").
             The game lasted 00:12:17 (403 turns).

Danienth the Fighter (Demonspawn Necromancer)        Turns: 403, Time: 00:12:19

Health: -21/84     AC:  3    Str: 11    XL:     6   Next: 38%
Magic:  0/9        EV: 13    Int: 21    God:    Yredelemnul [......]
Gold:   5          SH:  0    Dex: 13    Spells: 5/9 levels left

rFire   . . .        j - +4 quarterstaff (chaos)
rCold   . . .        (shield currently unavailable)
rNeg    . . .        a - +0 robe
rPois   .            (helmet restricted)
rElec   .            m - +0 cloak {rCorr}
rCorr   +            (no gloves)
SInv    .            (no boots)
Will    .....        o - amulet "Qiuxy" {Spirit Int+5} Stlth
                     (no ring)
HPRegen 0.34/turn    (no ring)
MPRegen 0.11/turn

%: no teleportation, guardian spirit
@: berserking, lethally poisoned (-21 -> -23), hasted and slowed
A: horns 1, demonic guardian 2
a: Renounce Religion, Recall Undead Harvest


You were in the Dungeon.
You worshipped Yredelemnul.
Yredelemnul was noncommittal.
You visited 1 branch You collected 220 gold pieces.
You spent 215 gold pieces at shops.

Inventory:

Hand Weapons
 j - a +4 quarterstaff of chaos (weapon)
 n - a +1 heavy flail
Armour
 a - a +0 robe (worn)
 l - a +0 buckler
 m - a +0 cloak of preservation (worn)
Jewellery
 o - an amulet "Qiuxy" (around neck) {Spirit Int+5}
   (You bought it in a shop in the Dungeon)

   [amulet of guardian spirit]

   Spirit:    It causes incoming damage to be divided between your reserves of
   health and magic.
   Int+5:     It affects your intelligence (+5).
Scrolls
 g - 3 scrolls of blinking
 k - 3 scrolls of fog
Potions
 b - 2 potions of magic
 d - 2 potions of heal wounds
 e - 2 potions of haste
 h - a potion of resistance


   Skills:
 - Level 8.2 Fighting
 - Level 5.2(6.2) Maces & Flails
 * Level 5.0(6.0) Staves
 * Level 3.9 Dodging
 - Level 2.0 Stealth
 - Level 2.0 Shields
 - Level 1.8 Unarmed Combat
 - Level 2.0 Spellcasting
 - Level 0.4 Summonings
 + Level 6.6 Necromancy
 - Level 0.1 Invocations


You had 5 spell levels left.
You knew the following spells:

 Your Spells              Type           Power      Damage    Failure   Level
a - Necrotise             Necr           100%       1d9       1%          1
b - Vampiric Draining     Necr           29%        2d8       3%          3

Your spell library contained the following spells:

 Spells                   Type           Power      Damage    Failure   Level
 Agony                    Necr           29%        N/A       26%         5
 Animate Dead             Necr           Unusable   N/A       N/A         4

Dungeon Overview and Level Annotations

Branches:
Dungeon (1/1)

Altars:
Cheibriados
Dithmenos
Fedhas
Gozag
Kikubaaqudgha
Makhleb
Okawaru
Qazlal
Ru
Sif Muna
Trog
Uskayaw
Vehumet
Wu Jian
Xom
Yredelemnul
Lugonu

Shops:
D *[=??*?*:[((!!!!


Innate Abilities, Weirdness & Mutations

You have a pair of small horns on your head.
A demonic guardian rushes to your aid.


Message History

You miss the tyrant leech. Your headbutt misses the tyrant leech.
The tyrant leech is severely wounded.
You are engulfed in noxious fumes.
You choke on the stench!
You are confused.
You feel sick.
The tyrant leech is engulfed in noxious fumes.
The tyrant leech bites you!!
The tyrant leech draws strength from your injuries!
The bog body touches you! The bog body freezes you!!
* * * LOW HITPOINT WARNING * * *
The swamp drake breathes poison at you.
The noxious blast engulfs you but does no damage.
You are lethally poisoned!
Your ice devil barely misses the tyrant leech.
You are too berserk!
You are too injured to fight recklessly!
You're too confused to aim your attacks!
Okay, then.
You thump the swamp drake! You freeze the swamp drake.
Your headbutt misses the swamp drake.
The swamp drake is heavily wounded.
You are engulfed in noxious fumes.
You feel less confused.
* * * LOW HITPOINT WARNING * * *
You feel sick.
Your swamp drake zombie bites the tyrant leech but does no damage.
The bog body points at you and mumbles some strange words.
You feel as though you will be slow longer.
The tyrant leech is engulfed in noxious fumes.
The tyrant leech barely misses you. The swamp drake closely misses you.
Your ice devil barely misses the tyrant leech.
You sock the swamp drake! Your headbutt misses the swamp drake.
The swamp drake is almost dead.
* * * LOW HITPOINT WARNING * * *
You feel sick. The bog body barely misses you.
The bog body touches your swamp drake zombie but does no damage.
Your swamp drake zombie bites the bog body!
The swamp drake barely misses you. The tyrant leech bites you!!
You die...
Your body rises from the dead as a mindless zombie.

##.............###............
#⌠..........###...###.........
#⌠..........# #.<.# #.........
#⌠..........###...###.........
##.............###............
###∩.......n8.# #.8........∩#
##∩_......Z.###.$....___∩##
######.8nw.......8.######
#⌠.4@k.......⌠#
###.........### #_...[).._#
#_...)).._# #_......._#
#∩.......∩# ##∩.....∩##
##.)...## ##⌠⌠⌠##


You could see a tyrant leech (ally target), 2 bog bodies, a swamp drake
(catching breath), a friendly ice devil (summoned) and a friendly swamp drake
zombie.

Vanquished Creatures
  A swamp drake (D)
  A bullfrog (D)
  A gnoll sergeant (D)
  A gnoll bouda (D)
  Crazy Yiuf (D)
  5 gnolls (D)
10 creatures vanquished.

Vanquished Creatures (collateral kills)
  3 gnolls (D)
3 creatures vanquished.

Vanquished Creatures (others)
  A bullfrog zombie (D)
  2 gnoll zombies (D)
3 creatures vanquished.

Grand Total: 16 creatures vanquished

Notes
Turn   | Place    | Note
-------+----------+-------------------------------------------
     0 | D        | Danienth the Demonspawn Necromancer began the quest for the
                  | Orb.
     0 | D        | Reached XP level 1. HP: 13/13 MP: 3/3
     1 | D        | Found a shadowy altar of Dithmenos.
     2 | D        | Found a stormy altar of Qazlal.
     3 | D        | Found a blossoming altar of Fedhas.
     4 | D        | Found an ancient bone altar of Kikubaaqudgha.
     4 | D        | Found Cian's Staff Store.
     4 | D        | Found Nusowineni's Magic Scroll Shop.
     5 | D        | Found a burning altar of Makhleb.
     5 | D        | Found Luasse's Must-Have Magic.
     5 | D        | Found Ocaawib's Magic Scroll Shop.
     5 | D        | Round 1.
    20 | D        | Bought a scroll of brand weapon for 95 gold pieces
    22 | D        | Bought a scroll of enchant weapon for 75 gold pieces
    23 | D        | Found an opulent altar of Gozag.
    29 | D        | Reached skill level 2 in Fighting
    29 | D        | Reached skill level 1 in Unarmed Combat
    29 | D        | Gained mutation: You have a pair of small horns on your
                  | head. [demonic ancestry]
    29 | D        | Reached XP level 2. HP: 22/22 MP: 0/5
    40 | D        | Reached skill level 1 in Maces & Flails
    43 | D        | Found a corrupted altar of Lugonu.
    44 | D        | Found a hide-covered altar of Uskayaw.
    45 | D        | Found Pifeugge's Timeless Talismans.
    45 | D        | Found a snail-covered altar of Cheibriados.
    45 | D        | Found Weorgh's Identification Station.
    46 | D        | Found Xafa's Jewellery.
    46 | D        | Found Qohad's Advanced Armour.
    51 | D        | Found an iron altar of Okawaru.
    52 | D        | Found a shimmering altar of Xom.
    53 | D        | Found a basalt altar of Yredelemnul.
    54 | D        | Found a shimmering blue altar of Sif Muna.
    54 | D        | Found a radiant altar of Vehumet.
    54 | D        | Found Rovivaboe's Premium Goods.
    54 | D        | Found Cucrozas's Weapon Rack.
    55 | D        | Found Dippeiz's Miscellaneous Merchandise.
    55 | D        | Found Ypsydd's Basic Armour.
    61 | D        | Became a worshipper of Yredelemnul the Dark
    71 | D        | Noticed a gnoll sergeant
    73 | D        | Reached skill level 3 in Fighting
    73 | D        | Reached XP level 3. HP: 29/29 MP: 1/6
    79 | D        | Killed a gnoll sergeant
    79 | D        | Reached * piety under Yredelemnul
    80 | D        | Reached skill level 5 in Fighting
    80 | D        | Gained mutation: A weak demonic guardian rushes to your
                  | aid. [demonic ancestry]
    80 | D        | Reached XP level 4. HP: 39/39 MP: 2/7
    89 | D        | Arena points: 12 (+12) [x2]
    90 | D        | Found an ornate altar of the Wu Jian Council.
    91 | D        | Found a sacrificial altar of Ru.
   154 | D        | Round 2.
   166 | D        | Found a bloodstained altar of Trog.
   167 | D        | Found Forr's Do-It-Yourself Clinic.
   168 | D        | Found Nacs's Bottled Wisdom.
   168 | D        | Found Ylarih's Distillery.
   169 | D        | Found Wanol's Distillery.
   171 | D        | Noticed Crazy Yiuf
   176 | D        | Killed Crazy Yiuf
   177 | D        | Reached skill level 6 in Fighting
   177 | D        | Reached skill level 5 in Maces & Flails
   177 | D        | Gained mutation: A demonic guardian rushes to your aid.
                  | [demonic ancestry]
   177 | D        | Reached XP level 5. HP: 46/46 MP: 3/8
   265 | D        | Bought a bound bone amulet for 45 gold pieces
   265 | D        | Identified an amulet "Qiuxy" {Spirit Int+5} (You bought it
                  | in a shop in the Dungeon)
   286 | D        | Reached skill level 1 in Staves
   301 | D        | Reached skill level 7 in Fighting
   339 | D        | Arena points: 54 (+42) [x3]
   360 | D        | Round 3.
   366 | D        | Reached skill level 8 in Fighting
   370 | D        | Learned a level 3 spell: Vampiric Draining
   378 | D        | Noticed a swamp drake
   384 | D        | Noticed a tyrant leech
   388 | D        | Killed a swamp drake
   388 | D        | Noticed a swamp drake
   389 | D        | Reached skill level 5 in Staves
   389 | D        | Reached XP level 6. HP: 55/56 MP: 6/9
   390 | D        | Noticed a bog body
   398 | D        | Noticed a bog body
   401 | D        | HP: 4/84 [bog body (23)]
   403 | D        | Demolished by a tyrant leech

Illustrated notes

Levels and vault maps discovered:
D:        arena_sprint

Skill      XL: |  1  2  3  4  5 |
---------------+----------------+-----
Fighting       | 2 3 5 6 8 |  8.2
Dodging        | 2 3 |  3.9
Stealth        | 2 |  2.0
Unarmed Combat | 1 |  1.8
Maces & Flails | 2 4 5 |  5.2
Shields        | 2 |  2.0
Staves         | 5 |  5.0
Necromancy     | 6 |  6.6
Spellcasting   | |  2.0
Summonings     | |  0.4
Invocations    | |  0.1

Action                     |  1- 3 |  4- 6 || total
---------------------------+-------+-------++-------
  Melee: Flail             |     1 |     2 ||     3
         Quarterstaff      |       |    13 ||    13
         Headbutt          |       |     2 ||     2
   Cast: Necrotise         |     9 |    18 ||    27
  Evoke: Wand              |     4 |     6 ||    10
    Use: Potion            |     2 |     5 ||     7
         Scroll            |     3 |       ||     3
 Armour: Robe              |       |    21 ||    21
  Dodge: Dodged            |       |    14 ||    14
  Block: Buckler           |       |     1 ||     1

Table legend: (Time is in decaauts)
 A = Elapsed time spent in this place.
 B = Non-inter-level travel time spent in this place.
 C = Inter-level travel time spent in this place.
 D = Time resting spent in this place.
 E = Time spent auto-exploring this place.
 F = Levels seen in this place.
 G = Mean time per level.
                   A        B        C        D        E       F      G
               +--------+--------+--------+--------+--------+-----+--------+
         Total |    386 |    362 |     24 |     49 |    168 |   1 |  386.0 |
       Dungeon |    386 |    362 |     24 |     49 |    168 |   1 |  386.0 |
               +--------+--------+--------+--------+--------+-----+--------+

Top non-repeatable levels by time:
       D: 386 daAuts
